 Dungeon Crawl Stone Soup version 0.23.0-33-g5e6c059 (webtiles) character file.

Game seed: 1537815744917512619

811 vishdafish the Shield-Bearer (level 7, -3/60 HPs)
             Began as a Gnoll Fighter on Feb 26, 2019.
             Was an Initiate of Gozag.
             Slain by an orc
             ... wielding a cursed +0 hand axe
              (6 damage)
             ... on level 6 of the Dungeon.
             The game lasted 00:06:41 (4145 turns).

vishdafish the Shield-Bearer (Gnoll Fighter)        Turns: 4145, Time: 00:06:44

Health: -3/60      AC:  8    Str: 18    XL:     7   Next: 93%
Magic:  11/11      EV: 11    Int:  7    God:    Gozag
Gold:   507        SH:  0    Dex: 15    Spells: 11/11 levels left

rFire    + + +     SeeInvis .   d - +3 quarterstaff "Wefuix" {freeze, rF+++ Str-2 Int-3 Stlth+}
rCold    . . .     Gourm    .   (shield currently unavailable)
rNeg     + . .     Faith    .   b - +0 scale mail
rPois    .         Spirit   .   m - +1 hat
rElec    .         Reflect  .   (no cloak)
rCorr    .         Harm     .   (no gloves)
MR       .....                  (no boots)
Stlth    ++........             (no amulet)
HPRegen  0.20/turn              i - ring of protection from fire
MPRegen  0.12/turn              k - ring of positive energy

@: gold aura, hasted, very quick
A: distributed training, fangs 1, strong nose
a: Potion Petition, Call Merchant, Bribe Branch, Renounce Religion


You were on level 6 of the Dungeon.
You worshipped Gozag.
Gozag was pleased with you.
You were not hungry.

You visited 1 branch of the dungeon, and saw 6 of its levels.

You collected 523 gold pieces.
You paid 16 gold pieces to Gozag.

Inventory:

Hand Weapons
 a - a +1 long sword
 d - the +3 quarterstaff "Wefuix" (weapon) {freeze, rF+++ Str-2 Int-3 Stlth+}
   (You found it on level 4 of the Dungeon)

   It has been specially enchanted to freeze those struck by it, causing extra
   injury to most foes and up to half again as much damage against particularly
   susceptible opponents.
   It can also slow down cold-blooded creatures.
   It affects your strength (-2).
   It affects your intelligence (-3).
   It renders you almost immune to fire.
   It makes you more stealthy.
Missiles
 p - a throwing net (quivered)
Armour
 b - a +0 scale mail (worn)
 c - a +0 shield
 m - a +1 hat (worn)
Jewellery
 i - a ring of protection from fire (left hand)
 k - a ring of positive energy (right hand)
 r - an uncursed ring of fire
Wands
 s - a wand of acid (10)
 y - a wand of polymorph (9)
 A - a wand of iceblast (7)
Scrolls
 j - 4 scrolls of teleportation
 o - a scroll of amnesia
 q - a scroll of fear
 t - a scroll of identify
 x - a scroll of immolation {unknown}
Potions
 e - a potion of flight
 h - a potion of resistance
 n - a potion of agility {unknown}
 u - a potion of degeneration {unknown}
 v - a potion of curing {unknown}
 z - a potion of brilliance {unknown}
Comestibles
 f - 6 rations


   Skills:
 + Level 7.1 Fighting
 + Level 2.7 Short Blades
 + Level 5.4 Long Blades
 + Level 2.7 Axes
 + Level 2.7 Maces & Flails
 + Level 2.7 Polearms
 + Level 2.7 Staves
 + Level 2.7 Slings
 + Level 2.7 Bows
 + Level 2.7 Crossbows
 + Level 2.7 Throwing
 + Level 7.1 Armour
 + Level 2.7 Dodging
 + Level 2.7 Stealth
 + Level 7.1 Shields
 + Level 2.7 Unarmed Combat
 + Level 2.7 Spellcasting
 + Level 2.2 Conjurations
 + Level 2.2 Hexes
 + Level 2.2 Charms
 + Level 2.2 Summonings
 + Level 2.2 Necromancy
 + Level 2.2 Translocations
 + Level 2.2 Transmutations
 + Level 2.2 Fire Magic
 + Level 2.2 Ice Magic
 + Level 2.2 Air Magic
 + Level 2.2 Earth Magic
 + Level 2.2 Poison Magic
 + Level 3.0 Invocations
 + Level 2.7 Evocations


You had 11 spell levels left.
You didn't know any spells.
Your spell library contained the following spells:

 Spells                   Type           Power        Failure   Level  Hunger
 Animate Skeleton         Necr           N/A          36%         1    ##.....
 Pain                     Necr           #...         36%         1    ##.....
 Regeneration             Chrm/Necr      #.........   75%         3    ####...
 Vampiric Draining        Necr           #.........   75%         3    ####...
 Animate Dead             Necr           N/A          98%         4    #####..


Dungeon Overview and Level Annotations

Branches:
Dungeon (6/15)             Temple (0/1) D:5

Altars:
Dithmenos
Gozag
Trog
Wu Jian
Xom


Innate Abilities, Weirdness & Mutations

Your experience applies equally to all skills.
You have very sharp teeth.
Your uncanny sense of smell can sniff out nearby items.


Message History

* * * LOW HITPOINT WARNING * * *
The centaur closely misses you. The orc misses you.
You feel yourself speed up.
The leopard gecko bites you but does no damage.
The hound bites you but does no damage.
The centaur hits you but does no damage.
The orc barely misses you.
The orc hits you with a cursed +0 hand axe.
* * * LOW HITPOINT WARNING * * *
The orc closely misses you.
The leopard gecko bites you but does no damage.
The hound bites you.
* * * LOW HITPOINT WARNING * * *
You hit the leopard gecko.
The leopard gecko seems to slow down.
You freeze the leopard gecko.
The leopard gecko is almost dead.
The centaur hits you but does no damage.
The orc hits you with a cursed +0 hand axe.
You die...
Your body crumbles into a pile of gold.

$ #.
#####.#####
.........##
.........# $
#.......#
#......####
.#####col......
.....oh@#
..###.oo# #.###
#. . .. .. ##.


You could see a centaur, a hound, 4 orcs and a leopard gecko.

Vanquished Creatures
  An ogre (D:4)
  A centaur (D:5)
  2 scorpions
  A howler monkey (D:3)
  A crimson imp (D:5)
  A quasit (D:5)
  3 orc priests
  A centaur skeleton (D:4)
  2 orc wizards (D:3)
  A hound zombie (D:5)
  A hound skeleton (D:4)
  6 gnolls (D:3)
  6 adders
  2 oozes (D:2)
  An adder zombie (D:5)
  5 worms
  2 dart slugs (D:2)
  6 leopard geckos
  8 orcs
  3 giant cockroaches
  14 hobgoblins
  6 jackals
  3 quokkas
  5 bats
  3 frilled lizards
  9 goblins
  3 kobolds
  11 rats
108 creatures vanquished.

Notes
Turn   | Place    | Note
-------+----------+-------------------------------------------
     0 | D:1      | vishdafish the Gnoll Fighter began the quest for the Orb.
     0 | D:1      | Reached XP level 1. HP: 23/23 MP: 1/1
   171 | D:1      | Reached XP level 2. HP: 29/29 MP: 2/2
   989 | D:2      | Reached XP level 3. HP: 34/35 MP: 3/3
  1082 | D:2      | Reached skill level 1 in Invocations
  1115 | D:2      | Found an opulent altar of Gozag.
  1199 | D:2      | Reached skill level 1 in Short Blades
  1199 | D:2      | Reached skill level 1 in Axes
  1199 | D:2      | Reached skill level 1 in Maces & Flails
  1199 | D:2      | Reached skill level 1 in Polearms
  1199 | D:2      | Reached skill level 1 in Staves
  1199 | D:2      | Reached skill level 1 in Slings
  1199 | D:2      | Reached skill level 1 in Bows
  1199 | D:2      | Reached skill level 1 in Crossbows
  1199 | D:2      | Reached skill level 1 in Throwing
  1199 | D:2      | Reached skill level 1 in Dodging
  1199 | D:2      | Reached skill level 1 in Stealth
  1199 | D:2      | Reached skill level 1 in Unarmed Combat
  1199 | D:2      | Reached skill level 1 in Spellcasting
  1199 | D:2      | Reached skill level 1 in Evocations
  1217 | D:2      | Reached XP level 4. HP: 39/41 MP: 5/5
  1399 | D:2      | Became a worshipper of Gozag Ym Sagoz the Greedy
  1776 | D:3      | Reached skill level 1 in Conjurations
  1776 | D:3      | Reached skill level 1 in Hexes
  1776 | D:3      | Reached skill level 1 in Charms
  1776 | D:3      | Reached skill level 1 in Summonings
  1776 | D:3      | Reached skill level 1 in Necromancy
  1776 | D:3      | Reached skill level 1 in Translocations
  1776 | D:3      | Reached skill level 1 in Transmutations
  1776 | D:3      | Reached skill level 1 in Fire Magic
  1776 | D:3      | Reached skill level 1 in Ice Magic
  1776 | D:3      | Reached skill level 1 in Air Magic
  1776 | D:3      | Reached skill level 1 in Earth Magic
  1776 | D:3      | Reached skill level 1 in Poison Magic
  1779 | D:3      | Reached XP level 5. HP: 45/47 MP: 6/6
  1892 | D:3      | Found an ornate altar of the Wu Jian Council.
  2353 | D:3      | Reached XP level 6. HP: 10/53 MP: 8/8
  2896 | D:4      | Got a twisted quarterstaff
  2902 | D:4      | Identified the cursed +3 quarterstaff "Wefuix" {freeze,
                  | rF+++ Str-2 Int-3 Stlth+} (You found it on level 4 of the
                  | Dungeon)
  3079 | D:3      | Reached skill level 5 in Long Blades
  3390 | D:4      | Reached XP level 7. HP: 43/59 MP: 10/10
  3398 | D:4      | Found a bloodstained altar of Trog.
  3646 | D:5      | Entered Level 5 of the Dungeon
  3669 | D:5      | Found a staircase to the Ecumenical Temple.
  3838 | D:5      | Found a shadowy altar of Dithmenos.
  3839 | D:5      | Found a shimmering altar of Xom.
  4144 | D:6      | HP: 3/60 [hound (4)]
  4145 | D:6      | Slain by an orc

Skill      XL: |  1  2  3  4  5  6  7 |
---------------+----------------------+-----
Invocations    | 1 2 3 |  3.0
Short Blades   | 1 2 |  2.7
Axes           | 1 2 |  2.7
Maces & Flails | 1 2 |  2.7
Polearms       | 1 2 |  2.7
Staves         | 1 2 |  2.7
Slings         | 1 2 |  2.7
Bows           | 1 2 |  2.7
Crossbows      | 1 2 |  2.7
Throwing       | 1 2 |  2.7
Dodging        | 1 2 |  2.7
Stealth        | 1 2 |  2.7
Unarmed Combat | 1 2 |  2.7
Spellcasting   | 1 2 |  2.7
Evocations     | 1 2 |  2.7
Conjurations   | 1 2 |  2.2
Hexes          | 1 2 |  2.2
Charms         | 1 2 |  2.2
Summonings     | 1 2 |  2.2
Necromancy     | 1 2 |  2.2
Translocations | 1 2 |  2.2
Transmutations | 1 2 |  2.2
Fire Magic     | 1 2 |  2.2
Ice Magic      | 1 2 |  2.2
Air Magic      | 1 2 |  2.2
Earth Magic    | 1 2 |  2.2
Poison Magic   | 1 2 |  2.2
Long Blades    | 5 |  5.4
Fighting       | 7 |  7.1
Armour         | 7 |  7.1
Shields        | 7 |  7.1

Action                   |  1- 3 |  4- 6 |  7- 9 || total
-------------------------+-------+-------+-------++-------
Melee: Long sword        |   132 |   142 |       ||   274
       Bite              |    13 |    22 |     9 ||    44
       Quarterstaff      |       |    65 |    74 ||   139
Throw: Throwing net      |       |     1 |       ||     1
  Use: Scroll            |     4 |     2 |     2 ||     8
       Potion            |     1 |     1 |     1 ||     3
 Stab: Sleeping          |       |     1 |       ||     1
  Eat: Chunk             |     1 |     1 |       ||     2
       Ration            |       |     2 |     1 ||     3
Armor: Scale mail        |    38 |   132 |    81 ||   251
Dodge: Dodged            |    42 |   116 |    93 ||   251
Block: Shield            |    71 |    92 |       ||   163
       Rpst.: Long sword |     8 |    17 |       ||    25
